 Dungeon Crawl Stone Soup version 0.24-a0-361-g57161393b2 (webtiles) character file.

Game seed: 10149681186090993199

501 Azzok the Chopper (level 7, -1/52 HPs)
             Began as a Formicid Fighter on May 26, 2019.
             Slain by a hornet (12 damage)
             ... on level 4 of the Dungeon.
             The game lasted 00:05:04 (3165 turns).

Azzok the Chopper (Formicid Fighter)                Turns: 3165, Time: 00:05:05

Health: -1/52      AC:  9    Str: 28    XL:     7   Next: 40%
Magic:  0/7        EV:  6    Int:  7    God:
Gold:   196        SH: 10    Dex: 10    Spells: 6/6 levels left

rFire    + . .     SeeInvis +   r - +1 whip (elec)
rCold    . . .     Gourm    .   c - +0 shield
rNeg     . . .     Faith    .   t - +0 chain mail
rPois    +         Spirit   +   (helmet unavailable)
rElec    .         Reflect  .   (no cloak)
rCorr    .         Harm     .   (no gloves)
MR       .....                  (no boots)
Stlth    ..........             s - amulet of guardian spirit
HPRegen  0.17/turn              n - ring of poison resistance (curse)
MPRegen  0.10/turn              q - ring of protection from fire

@: mighty, lethally poisoned (-1 -> -7)
A: permanent stasis, dig shafts and tunnels, four strong arms, antennae 3
a: Dig, Shaft Self


You were on level 4 of the Dungeon.
You were not hungry.

You visited 1 branch of the dungeon, and saw 4 of its levels.

You collected 196 gold pieces.

Inventory:

Hand Weapons
 a - a +0 war axe
 r - a +1 whip of electrocution (weapon)
 v - a +2 falchion of venom
Armour
 c - a +0 shield (worn)
 t - a +0 chain mail (worn)
Jewellery
 n - a cursed ring of poison resistance (left hand)
 q - a ring of protection from fire (right hand)
 s - an amulet of guardian spirit (around neck)
Scrolls
 b - 2 scrolls of teleportation {unknown}
 e - a scroll of amnesia {unknown}
 g - a scroll of enchant weapon {unknown}
 h - a scroll of magic mapping {unknown}
 i - 2 scrolls of enchant armour {unknown}
 j - a scroll of identify
 m - 2 scrolls of remove curse
 p - a scroll of immolation {unknown}
Potions
 k - 2 potions of agility
 l - 3 potions of flight
 o - a potion of mutation {!q}
 u - a potion of degeneration {unknown}
Comestibles
 f - 4 rations


   Skills:
 - Level 3.2 Fighting
 + Level 7.6 Axes
 - Level 3.2 Armour
 - Level 3.6 Shields


You had 6 spell levels left.
You didn't know any spells.
Your spell library was empty.

Dungeon Overview and Level Annotations

Branches:
Dungeon (4/15)
 Temple: D:4-7

Altars:
Fedhas
Xom


Innate Abilities, Weirdness & Mutations

You cannot be hasted, slowed, berserked, paralysed or teleported.
You can dig through walls and to a lower floor.
Your four strong arms can wield two-handed weapons with a shield.
You have a pair of large antennae on your head. (SInv)


Message History

* * * LOW HITPOINT WARNING * * *
You are poisoned.
The orc barely misses you.
The hornet stings you but does no damage.
You closely miss the hornet.
The hornet is severely wounded.
You feel sick. The orc hits you but does no damage. The hornet stings you.
* * * LOW MAGIC WARNING * * *;
* * * LOW HITPOINT WARNING * * *
You miss the hornet.
The hornet is severely wounded.
You feel sick.
The hornet stings you but does no damage.
The orc barely misses you.
You closely miss the hornet.
The hornet is severely wounded.
You feel sick.
The hornet stings you but does no damage.
The orc barely misses you. The hornet stings you!
* * * LOW MAGIC WARNING * * *
You die...

·· ▒▒····▒·▒▒ ····
········▒▒ · ▒·$
·····▒···▒
····▒··▒▒·········
··················▒
▒···········=······▒
········▒···o·······
········▒···@y··▒
··············▒▒▒
··············▒·▒
··············($·▒
▒······▒▒········ ·
▒·····▒▒▒········
··▒▒······▒▒·▒▒▒····
▒ ······<·(▒▒▒··▒
▒▒▒▒ ▒▒·
▒·············▒


You could see a hornet and an orc.

Vanquished Creatures
  Sigmund (D:4)
  An orc priest (D:3)
  A centaur skeleton (D:4)
  A hound (D:4)
  An iguana (D:4)
  An orc wizard (D:3)
  Terence (D:3)
  A worker ant (D:4)
  4 gnolls (D:3)
  4 adders
  An ooze (D:4)
  2 dart slugs (D:1)
  A worm (D:3)
  4 leopard geckos
  6 orcs
  2 ball pythons
  8 bats
  4 giant cockroaches
  8 goblins
  5 hobgoblins
  3 frilled lizards
  A jackal zombie (D:4)
  9 kobolds
  5 rats
75 creatures vanquished.

Notes
Turn   | Place    | Note
-------+----------+-------------------------------------------
     0 | D:1      | Azzok the Formicid Fighter began the quest for the Orb.
     0 | D:1      | Reached XP level 1. HP: 18/18 MP: 1/1
   100 | D:1      | Reached XP level 2. HP: 24/24 MP: 2/2
   260 | D:1      | Reached skill level 3 in Axes
   368 | D:1      | Reached XP level 3. HP: 17/29 MP: 3/3
  1347 | D:2      | Reached skill level 4 in Axes
  1347 | D:2      | Reached XP level 4. HP: 31/35 MP: 4/4
  1450 | D:2      | Found a blossoming altar of Fedhas.
  1768 | D:3      | Found a shimmering altar of Xom.
  1796 | D:3      | Reached XP level 5. HP: 17/41 MP: 1/5
  1855 | D:3      | Reached skill level 5 in Axes
  2112 | D:3      | Noticed Terence
  2124 | D:3      | Killed Terence
  2184 | D:3      | Reached XP level 6. HP: 47/47 MP: 6/6
  2560 | D:3      | Reached skill level 6 in Axes
  2896 | D:4      | Noticed Sigmund
  2910 | D:4      | Killed Sigmund
  2910 | D:4      | Reached skill level 7 in Axes
  2910 | D:4      | Reached XP level 7. HP: 41/52 MP: 5/7
  3151 | D:4      | Noticed a hornet
  3165 | D:4      | Slain by a hornet

Levels and vault maps discovered:
D:1:      lemuel_arrival_behind_the_door_small, layout_basic, roderic_lattice_a
D:2:      layout_rooms, fedhas_altar_1, minmay_distorted
D:3:      layout_loops_cross, old_standard_altar, uniq_terence
D:4:      layout_cave_pools, kennysheep_mini, uniq_sigmund, uniq_edmund

Skill      XL: |  1  2  3  4  5  6 |
---------------+-------------------+-----
Axes           | 3 4 5 7 |  7.6
Fighting       | |  3.2
Armour         | |  3.2
Shields        | |  3.6

Action                   |  1- 3 |  4- 6 |  7- 9 || total
-------------------------+-------+-------+-------++-------
Melee: War axe           |   116 |     1 |       ||   117
       Whip              |       |   148 |    20 ||   168
  Use: Scroll            |       |     6 |       ||     6
       Potion            |       |       |     1 ||     1
  Eat: Chunk             |     2 |     5 |     1 ||     8
Armor: Scale mail        |    65 |     7 |       ||    72
       Chain mail        |       |    44 |     8 ||    52
Dodge: Dodged            |    46 |    37 |     7 ||    90
Block: Shield            |    78 |    67 |     7 ||   152

Table legend:
 A = Non-vault XP
 B = Vault XP
 C = Vault XP percentage of total XP
 D = Non-vault monster count
 E = Vault monster count
 F = Vault count percentage of total count
                 A         B        C        D         E       F
            +---------+---------+-------+---------+---------+-------
      Total |     469 |     248 |  34.6 |      70 |       5 |   6.7
            +---------+---------+-------+---------+---------+-------
        D:1 |      41 |       0 |   0.0 |      22 |       0 |   0.0
        D:2 |      42 |       4 |   8.7 |      16 |       3 |  15.8
        D:3 |     185 |      36 |  16.3 |      21 |       1 |   4.5
        D:4 |     201 |     208 |  50.9 |      11 |       1 |   8.3
            +---------+---------+-------+---------+---------+-------
